Workbook

Sheet PLANILHA ORÇAMENTÁRIA
C1: PREFEITURA MUNICIPAL DE IBIRAÇU SECRETARIA DE OBRAS, SERVIÇOS E INFRAESTRUTURA
C2: Projeto: | D2: Construção de 25 Unidades Habitacionais de Interesse Social
C3: Proprietário: | D3: Prefeitura Municipal de Ibiraçu
C4: Local: | D4: Loteamento Vista Linda, Bairro São Benedito, Ibiraçu/ES
C5: Convênio: | D5: MCMV - FNHIS SUB50 - Caixa Econômica Federal
A7: Orçamentista: | C7: _______________________ ANDRESSA SILVA CORREA RODRIGUES Arquiteta e Urbanista - A533815 | E7: Referencial: | G7: SINAPI
E8: Bata base: | G8: 45901
E9: BDI: | G9: 0.2037
E10: Encargos: | G10: 1.5727
A12: PLANILHA ORÇAMENTÁRIA - CONSTRUÇÃO DE 25 UNIDADES HABITACIONAIS DE INTERESSE SOCIAL
A14: Item | B14: Referencial | C14: Código | D14: Descrição | E14: Un. | F14: Físico para 25 unidades habitacionais | G14: Financeiro unitário sem BDI | H14: Financeiro unitário com BDI | I14: Financeiro | J14: Físico para 01 unidade habitacional | K14: Financeiro para 01 unidade habitacional | L14: Financeiro total contratado
H16: 0.2037
A18: 1 | D18: ADMINISTRAÇÃO LOCAL
A19: 1.1 | B19: Composição | C19: CPU-01 | D19: Administração Local | E19: UN | F19: 1 | G19: 110223.28 | H19: =ROUND(G19*(1+$H$16),2) -> 132675.76 | I19: =ROUND(F19*H19,2) -> 132675.76 | J19: =ROUND(F19/25,2) -> 0.04 | K19: =ROUND(H19*J19,2) -> 5307.03 | L19: =K19*25 -> 132675.75
A20: 1.2 | B20: Outros | C20: DER-EDF020355 | D20: Aluguel mensal container sanitário, incl porta, básc, 2 ptos luz, 1 pto aterram., 3vasos, 3lavatórios, calha mictório, 6 chuveiros (1 eletrico), torn.,registros, piso comp. Naval pintado, cert NR18 e laudo descontaminação | E20: MÊS | F20: 12 | G20: 1249.4 | H20: =ROUND(G20*(1+$H$16),2) -> 1503.9 | I20: =ROUND(F20*H20,2) -> 18046.8 | J20: =ROUND(F20/25,2) -> 0.48 | K20: =ROUND(H20*J20,2) -> 721.87 | L20: =K20*25 -> 18046.75
A21: Total Item 1 | I21: =SUM(I19:I20) -> 150722.56 | L21: =SUM(L19:L20) -> 150722.5
A23: 2 | D23: SERVIÇOS PRELIMINARES
A24: 2.1 | B24: Outros | C24: DER-EDF010501 | D24: Locação de obra com gabarito de madeira | E24: M2 | F24: 1346.75 | G24: 11.11 | H24: =ROUND(G24*(1+$H$16),2) -> 13.37 | I24: =ROUND(F24*H24,2) -> 18006.05 | J24: =ROUND(F24/25,2) -> 53.87 | K24: =ROUND(H24*J24,2) -> 720.24 | L24: =K24*25 -> 18006
A25: 2.2 | B25: SINAPI | C25: 103689 | D25: FORNECIMENTO E INSTALAÇÃO DE PLACA DE OBRA COM CHAPA GALVANIZADA E ESTRUTURA DE MADEIRA. AF_03/2022_PS | E25: M2 | F25: 6.48 | G25: 469.31 | H25: =ROUND(G25*(1+$H$16),2) -> 564.91 | I25: =ROUND(F25*H25,2) -> 3660.62 | J25: =F25 -> 6.48 | K25: =ROUND(H25*J25,2) -> 3660.62 | L25: =K25 -> 3660.62
A26: 2.3 | B26: Outros | C26: DER-EDF020713 | D26: Rede de luz, incl. padrão entrada de energia trifás., cabo de ligação até barracões, quadro de distrib., disj. e chave de força (quando necessário), cons. 20m entre padrão entrada e QDG, conf. projeto (1 utilização) | E26: M | F26: 10 | G26: 502.01 | H26: =ROUND(G26*(1+$H$16),2) -> 604.27 | I26: =ROUND(F26*H26,2) -> 6042.7 | J26: =F26 -> 10 | K26: =ROUND(H26*J26,2) -> 6042.7 | L26: =K26 -> 6042.7
A27: 2.4 | B27: Outros | C27: DER-EDF020714 | D27: Rede de esgoto, contendo fossa e filtro, inclusive tubos e conexões de ligação entre caixas, considerando distância de 25m, conforme projeto (1 utilização) | E27: M | F27: 10 | G27: 448.25 | H27: =ROUND(G27*(1+$H$16),2) -> 539.56 | I27: =ROUND(F27*H27,2) -> 5395.6 | J27: =F27 -> 10 | K27: =ROUND(H27*J27,2) -> 5395.6 | L27: =K27 -> 5395.6
A28: 2.5 | B28: Outros | C28: DER-EDF020712 | D28: Rede de água com padrão de entrada d'água diâm. 3/4", conf. espec. CESAN, incl. tubos e conexões para alimentação, distribuição, extravasor e limpeza, cons. o padrão a 25m, conf. projeto (1 utilização) | E28: M | F28: 10 | G28: 56.94 | H28: =ROUND(G28*(1+$H$16),2) -> 68.54 | I28: =ROUND(F28*H28,2) -> 685.4 | J28: =F28 -> 10 | K28: =ROUND(H28*J28,2) -> 685.4 | L28: =K28 -> 685.4
A29: 2.6 | B29: Outros | C29: DER-EDF020350 | D29: Tapume Telha Metálica Ondulada em aço galvalume 0,50mm Branca h=2,20m, incl. montagem estr. mad. 8"x8", c/adesivo "DER-ES" 60x60cm a cada 10m, incl. faixas pint. esmalte sint. cores azul c/ h=30cm e rosa c/ h=10cm (Reaproveitamento 2x) | E29: M | F29: 44.48 | G29: 148.86 | H29: =ROUND(G29*(1+$H$16),2) -> 179.18 | I29: =ROUND(F29*H29,2) -> 7969.93 | J29: =F29 -> 44.48 | K29: =ROUND(H29*J29,2) -> 7969.93 | L29: =K29 -> 7969.93
A30: 2.7 | B30: Outros | C30: DER-EDF020709 | D30: Galpão para corte e armação com área de 6.00m2, em peças de madeira 8x8cm e contraventamento de 5x7cm, cobertura de telhas de fibroc. de 6mm, inclusive ponto e cabo de alimentação da máquina, conf. projeto (1 utilização) | E30: M2 | F30: 6 | G30: 289.88 | H30: =ROUND(G30*(1+$H$16),2) -> 348.93 | I30: =ROUND(F30*H30,2) -> 2093.58 | J30: =F30 -> 6 | K30: =ROUND(H30*J30,2) -> 2093.58 | L30: =K30 -> 2093.58
A31: 2.8 | B31: Outros | C31: DER-EDF020702 | D31: Barracão para almoxarifado área de 10.90m2, de chapa de compensado de 12mm e pontalete 8x8cm, piso cimentado e cobertura de telhas de fibrocimento de 6mm, incl. ponto de luz, conf. projeto (1 utilização) | E31: M2 | F31: 10.9 | G31: 600.86 | H31: =ROUND(G31*(1+$H$16),2) -> 723.26 | I31: =ROUND(F31*H31,2) -> 7883.53 | J31: =F31 -> 10.9 | K31: =ROUND(H31*J31,2) -> 7883.53 | L31: =K31 -> 7883.53
A32: 2.9 | B32: Outros | C32: DER-EDF020701 | D32: Barracão para escritório com sanitário área de 14.50 m2, de chapa de compens. 12mm e pontalete 8x8cm, piso cimentado e cobertura de telha de fibroc. 6mm, incl. ponto de luz e cx. de inspeção, conf. projeto (1 utilização) | E32: M2 | F32: 14.5 | G32: 863.7 | H32: =ROUND(G32*(1+$H$16),2) -> 1039.64 | I32: =ROUND(F32*H32,2) -> 15074.78 | J32: =F32 -> 14.5 | K32: =ROUND(H32*J32,2) -> 15074.78 | L32: =K32 -> 15074.78
A33: 2.10 | B33: Outros | C33: DER-EDF020710 | D33: Reservatório de poliestileno de 500L, incl. suporte em madeira de 7x12cm e 5x7cm, elevado de 4m, conf. projeto (1 utilização) | E33: UN | F33: 1 | G33: 1770.47 | H33: =ROUND(G33*(1+$H$16),2) -> 2131.11 | I33: =ROUND(F33*H33,2) -> 2131.11 | J33: =F33 -> 1 | K33: =ROUND(H33*J33,2) -> 2131.11 | L33: =K33 -> 2131.11
A34: Total Item 2 | I34: =SUM(I24:I33) -> 68943.3 | L34: =SUM(L24:L33) -> 68943.25
A36: 3 | D36: SAPATA
A37: 3.1 | B37: SINAPI | C37: 96521 | D37: ESCAVAÇÃO MECANIZADA PARA BLOCO DE COROAMENTO OU SAPATA COM RETROESCAVADEIRA (INCLUINDO ESCAVAÇÃO PARA COLOCAÇÃO DE FÔRMAS). AF_01/2024 | E37: M3 | F37: 218.5 | G37: 44.61 | H37: =ROUND(G37*(1+$H$16),2) -> 53.7 | I37: =ROUND(F37*H37,2) -> 11733.45 | J37: =ROUND(F37/25,2) -> 8.74 | K37: =ROUND(H37*J37,2) -> 469.34 | L37: =K37*25 -> 11733.5
A38: 3.2 | B38: SINAPI | C38: 101616 | D38: PREPARO DE FUNDO DE VALA COM LARGURA MENOR QUE 1,5 M (ACERTO DO SOLO NATURAL). AF_08/2020 | E38: M2 | F38: 117 | G38: 7.7 | H38: =ROUND(G38*(1+$H$16),2) -> 9.27 | I38: =ROUND(F38*H38,2) -> 1084.59 | J38: =ROUND(F38/25,2) -> 4.68 | K38: =ROUND(H38*J38,2) -> 43.38 | L38: =K38*25 -> 1084.5
A39: 3.3 | B39: SINAPI | C39: 96619 | D39: LASTRO DE CONCRETO MAGRO, APLICADO EM BLOCOS DE COROAMENTO OU SAPATAS, ESPESSURA DE 5 CM. AF_01/2024 | E39: M2 | F39: 117 | G39: 42.06 | H39: =ROUND(G39*(1+$H$16),2) -> 50.63 | I39: =ROUND(F39*H39,2) -> 5923.71 | J39: =ROUND(F39/25,2) -> 4.68 | K39: =ROUND(H39*J39,2) -> 236.95 | L39: =K39*25 -> 5923.75
A40: 3.4 | B40: SINAPI | C40: 96541 | D40: FABRICAÇÃO, MONTAGEM E DESMONTAGEM DE FÔRMA PARA SAPATA, EM CHAPA DE MADEIRA COMPENSADA RESINADA, E=17 MM, 4 UTILIZAÇÕES. AF_01/2024 | E40: M2 | F40: 364 | G40: 218.03 | H40: =ROUND(G40*(1+$H$16),2) -> 262.44 | I40: =ROUND(F40*H40,2) -> 95528.16 | J40: =ROUND(F40/25,2) -> 14.56 | K40: =ROUND(H40*J40,2) -> 3821.13 | L40: =K40*25 -> 95528.25
A41: 3.5 | B41: SINAPI | C41: 104919 | D41: ARMAÇÃO DE SAPATA ISOLADA, VIGA BALDRAME E SAPATA CORRIDA UTILIZANDO AÇO CA-50 DE 10 MM - MONTAGEM. AF_01/2024 | E41: KG | F41: 1267.5 | G41: 14.78 | H41: =ROUND(G41*(1+$H$16),2) -> 17.79 | I41: =ROUND(F41*H41,2) -> 22548.83 | J41: =ROUND(F41/25,2) -> 50.7 | K41: =ROUND(H41*J41,2) -> 901.95 | L41: =K41*25 -> 22548.75
A42: 3.6 | B42: SINAPI | C42: 104917 | D42: ARMAÇÃO DE SAPATA ISOLADA, VIGA BALDRAME E SAPATA CORRIDA UTILIZANDO AÇO CA-50 DE 6,3 MM - MONTAGEM. AF_01/2024 | E42: KG | F42: 667.5 | G42: 17.96 | H42: =ROUND(G42*(1+$H$16),2) -> 21.62 | I42: =ROUND(F42*H42,2) -> 14431.35 | J42: =ROUND(F42/25,2) -> 26.7 | K42: =ROUND(H42*J42,2) -> 577.25 | L42: =K42*25 -> 14431.25
A43: 3.7 | B43: SINAPI | C43: 104916 | D43: ARMAÇÃO DE SAPATA ISOLADA, VIGA BALDRAME E SAPATA CORRIDA UTILIZANDO AÇO CA-60 DE 5 MM - MONTAGEM. AF_01/2024 | E43: KG | F43: 320 | G43: 19.45 | H43: =ROUND(G43*(1+$H$16),2) -> 23.41 | I43: =ROUND(F43*H43,2) -> 7491.2 | J43: =ROUND(F43/25,2) -> 12.8 | K43: =ROUND(H43*J43,2) -> 299.65 | L43: =K43*25 -> 7491.25
A44: 3.8 | B44: Composição | C44: 96556_ADP-01 | D44: CONCRETAGEM DE SAPATA, FCK 20 MPA, COM USO DE JERICA - LANÇAMENTO, ADENSAMENTO E ACABAMENTO. | E44: M3 | F44: 35.25 | G44: 875.19 | H44: =ROUND(G44*(1+$H$16),2) -> 1053.47 | I44: =ROUND(F44*H44,2) -> 37134.82 | J44: =ROUND(F44/25,2) -> 1.41 | K44: =ROUND(H44*J44,2) -> 1485.39 | L44: =K44*25 -> 37134.75
A45: 3.9 | B45: SINAPI | C45: 93382 | D45: REATERRO MANUAL DE VALAS, COM COMPACTADOR DE SOLOS DE PERCUSSÃO. AF_08/2023 | E45: M3 | F45: 177.25 | G45: 32.57 | H45: =ROUND(G45*(1+$H$16),2) -> 39.2 | I45: =ROUND(F45*H45,2) -> 6948.2 | J45: =ROUND(F45/25,2) -> 7.09 | K45: =ROUND(H45*J45,2) -> 277.93 | L45: =K45*25 -> 6948.25
A46: Total Item 3 | I46: =SUM(I37:I45) -> 202824.31 | L46: =SUM(L37:L45) -> 202824.25
A48: 4 | D48: BALDRAMES
A49: 4.1 | B49: SINAPI | C49: 96527 | D49: ESCAVAÇÃO MANUAL PARA VIGA BALDRAME OU SAPATA CORRIDA (INCLUINDO ESCAVAÇÃO PARA COLOCAÇÃO DE FÔRMAS). AF_01/2024 | E49: M3 | F49: 136.5 | G49: 126.44 | H49: =ROUND(G49*(1+$H$16),2) -> 152.2 | I49: =ROUND(F49*H49,2) -> 20775.3 | J49: =ROUND(F49/25,2) -> 5.46 | K49: =ROUND(H49*J49,2) -> 831.01 | L49: =K49*25 -> 20775.25
A50: 4.2 | B50: SINAPI | C50: 96619 | D50: LASTRO DE CONCRETO MAGRO, APLICADO EM BLOCOS DE COROAMENTO OU SAPATAS, ESPESSURA DE 5 CM. AF_01/2024 | E50: M2 | F50: 170.75 | G50: 42.06 | H50: =ROUND(G50*(1+$H$16),2) -> 50.63 | I50: =ROUND(F50*H50,2) -> 8645.07 | J50: =ROUND(F50/25,2) -> 6.83 | K50: =ROUND(H50*J50,2) -> 345.8 | L50: =K50*25 -> 8645
A51: 4.3 | B51: SINAPI | C51: 96536 | D51: FABRICAÇÃO, MONTAGEM E DESMONTAGEM DE FÔRMA PARA VIGA BALDRAME, EM MADEIRA SERRADA, E=25 MM, 4 UTILIZAÇÕES. AF_01/2024 | E51: M2 | F51: 714.5 | G51: 78.97 | H51: =ROUND(G51*(1+$H$16),2) -> 95.06 | I51: =ROUND(F51*H51,2) -> 67920.37 | J51: =ROUND(F51/25,2) -> 28.58 | K51: =ROUND(H51*J51,2) -> 2716.81 | L51: =K51*25 -> 67920.25
A52: 4.4 | B52: SINAPI | C52: 104918 | D52: ARMAÇÃO DE SAPATA ISOLADA, VIGA BALDRAME E SAPATA CORRIDA UTILIZANDO AÇO CA-50 DE 8 MM - MONTAGEM. AF_01/2024 | E52: KG | F52: 2010 | G52: 16.58 | H52: =ROUND(G52*(1+$H$16),2) -> 19.96 | I52: =ROUND(F52*H52,2) -> 40119.6 | J52: =ROUND(F52/25,2) -> 80.4 | K52: =ROUND(H52*J52,2) -> 1604.78 | L52: =K52*25 -> 40119.5
A53: 4.5 | B53: SINAPI | C53: 104917 | D53: ARMAÇÃO DE SAPATA ISOLADA, VIGA BALDRAME E SAPATA CORRIDA UTILIZANDO AÇO CA-50 DE 6,3 MM - MONTAGEM. AF_01/2024 | E53: KG | F53: 192.5 | G53: 17.96 | H53: =ROUND(G53*(1+$H$16),2) -> 21.62 | I53: =ROUND(F53*H53,2) -> 4161.85 | J53: =ROUND(F53/25,2) -> 7.7 | K53: =ROUND(H53*J53,2) -> 166.47 | L53: =K53*25 -> 4161.75
A54: 4.6 | B54: SINAPI | C54: 104916 | D54: ARMAÇÃO DE SAPATA ISOLADA, VIGA BALDRAME E SAPATA CORRIDA UTILIZANDO AÇO CA-60 DE 5 MM - MONTAGEM. AF_01/2024 | E54: KG | F54: 975 | G54: 19.45 | H54: =ROUND(G54*(1+$H$16),2) -> 23.41 | I54: =ROUND(F54*H54,2) -> 22824.75 | J54: =ROUND(F54/25,2) -> 39 | K54: =ROUND(H54*J54,2) -> 912.99 | L54: =K54*25 -> 22824.75
A55: 4.7 | B55: Composição | C55: 96555_ADP-01 | D55: CONCRETAGEM DE BLOCO DE COROAMENTO OU VIGA BALDRAME, FCK 20 MPA, COM USO DE JERICA - LANÇAMENTO, ADENSAMENTO E ACABAMENTO. | E55: M3 | F55: 47.75 | G55: 699.27 | H55: =ROUND(G55*(1+$H$16),2) -> 841.71 | I55: =ROUND(F55*H55,2) -> 40191.65 | J55: =ROUND(F55/25,2) -> 1.91 | K55: =ROUND(H55*J55,2) -> 1607.67 | L55: =K55*25 -> 40191.75
A56: 4.8 | B56: SINAPI | C56: 93382 | D56: REATERRO MANUAL DE VALAS, COM COMPACTADOR DE SOLOS DE PERCUSSÃO. AF_08/2023 | E56: M3 | F56: 80.25 | G56: 32.57 | H56: =ROUND(G56*(1+$H$16),2) -> 39.2 | I56: =ROUND(F56*H56,2) -> 3145.8 | J56: =ROUND(F56/25,2) -> 3.21 | K56: =ROUND(H56*J56,2) -> 125.83 | L56: =K56*25 -> 3145.75
A57: Total Item 4 | I57: =SUM(I49:I56) -> 207784.39 | L57: =SUM(L49:L56) -> 207784
A59: 5 | D59: IMPERMEABILIZAÇÃO
A60: 5.1 | B60: SINAPI | C60: 87878 | D60: CHAPISCO APLICADO EM ALVENARIAS E ESTRUTURAS DE CONCRETO INTERNAS, COM COLHER DE PEDREIRO. ARGAMASSA TRAÇO 1:3 COM PREPARO MANUAL. AF_10/2022 | E60: M2 | F60: 848.75 | G60: 5.3 | H60: =ROUND(G60*(1+$H$16),2) -> 6.38 | I60: =ROUND(F60*H60,2) -> 5415.03 | J60: =ROUND(F60/25,2) -> 33.95 | K60: =ROUND(H60*J60,2) -> 216.6 | L60: =K60*25 -> 5415
A61: 5.2 | B61: SINAPI | C61: 98562 | D61: IMPERMEABILIZAÇÃO DE SUPERFÍCIE COM ARGAMASSA DE CIMENTO E AREIA, COM ADITIVO IMPERMEABILIZANTE, E = 1,5CM. AF_09/2023 | E61: M2 | F61: 848.75 | G61: 53.69 | H61: =ROUND(G61*(1+$H$16),2) -> 64.63 | I61: =ROUND(F61*H61,2) -> 54854.71 | J61: =ROUND(F61/25,2) -> 33.95 | K61: =ROUND(H61*J61,2) -> 2194.19 | L61: =K61*25 -> 54854.75
A62: 5.3 | B62: SINAPI | C62: 98557 | D62: IMPERMEABILIZAÇÃO DE SUPERFÍCIE COM EMULSÃO ASFÁLTICA, 2 DEMÃOS. AF_09/2023 | E62: M2 | F62: 848.75 | G62: 38.1 | H62: =ROUND(G62*(1+$H$16),2) -> 45.86 | I62: =ROUND(F62*H62,2) -> 38923.68 | J62: =ROUND(F62/25,2) -> 33.95 | K62: =ROUND(H62*J62,2) -> 1556.95 | L62: =K62*25 -> 38923.75
A63: Total Item 5 | I63: =SUM(I60:I62) -> 99193.42 | L63: =SUM(L60:L62) -> 99193.5
A65: 6 | D65: PILARES, VIGAS E LAJES
A66: 6.1 | B66: SINAPI | C66: 92427 | D66: MONTAGEM E DESMONTAGEM DE FÔRMA DE PILARES RETANGULARES E ESTRUTURAS SIMILARES, PÉ-DIREITO SIMPLES, EM CHAPA DE MADEIRA COMPENSADA RESINADA, 8 UTILIZAÇÕES. AF_09/2020 | E66: M2 | F66: 359.75 | G66: 74.62 | H66: =ROUND(G66*(1+$H$16),2) -> 89.82 | I66: =ROUND(F66*H66,2) -> 32312.75 | J66: =ROUND(F66/25,2) -> 14.39 | K66: =ROUND(H66*J66,2) -> 1292.51 | L66: =K66*25 -> 32312.75
A67: 6.2 | B67: Composição | C67: 92463_ADP-01 | D67: MONTAGEM E DESMONTAGEM DE FÔRMA DE VIGA, SEM ESCORAMENTO, PÉ-DIREITO SIMPLES, EM CHAPA DE MADEIRA RESINADA, 8 UTILIZAÇÕES. | E67: M2 | F67: 513.5 | G67: 76.63 | H67: =ROUND(G67*(1+$H$16),2) -> 92.24 | I67: =ROUND(F67*H67,2) -> 47365.24 | J67: =ROUND(F67/25,2) -> 20.54 | K67: =ROUND(H67*J67,2) -> 1894.61 | L67: =K67*25 -> 47365.25
A68: 6.3 | B68: SINAPI | C68: 92463 | D68: MONTAGEM E DESMONTAGEM DE FÔRMA DE VIGA, ESCORAMENTO COM GARFO DE MADEIRA, PÉ-DIREITO SIMPLES, EM CHAPA DE MADEIRA RESINADA, 8 UTILIZAÇÕES. AF_09/2020 | E68: M2 | F68: 103.25 | G68: 135.67 | H68: =ROUND(G68*(1+$H$16),2) -> 163.31 | I68: =ROUND(F68*H68,2) -> 16861.76 | J68: =ROUND(F68/25,2) -> 4.13 | K68: =ROUND(H68*J68,2) -> 674.47 | L68: =K68*25 -> 16861.75
A69: 6.4 | B69: SINAPI | C69: 92759 | D69: ARMAÇÃO DE PILAR OU VIGA DE ESTRUTURA CONVENCIONAL DE CONCRETO ARMADO UTILIZANDO AÇO CA-60 DE 5,0 MM - MONTAGEM. AF_06/2022 | E69: KG | F69: 1760 | G69: 16.28 | H69: =ROUND(G69*(1+$H$16),2) -> 19.6 | I69: =ROUND(F69*H69,2) -> 34496 | J69: =ROUND(F69/25,2) -> 70.4 | K69: =ROUND(H69*J69,2) -> 1379.84 | L69: =K69*25 -> 34496
A70: 6.5 | B70: SINAPI | C70: 92760 | D70: ARMAÇÃO DE PILAR OU VIGA DE ESTRUTURA CONVENCIONAL DE CONCRETO ARMADO UTILIZANDO AÇO CA-50 DE 6,3 MM - MONTAGEM. AF_06/2022 | E70: KG | F70: 375 | G70: 15.28 | H70: =ROUND(G70*(1+$H$16),2) -> 18.39 | I70: =ROUND(F70*H70,2) -> 6896.25 | J70: =ROUND(F70/25,2) -> 15 | K70: =ROUND(H70*J70,2) -> 275.85 | L70: =K70*25 -> 6896.25
A71: 6.6 | B71: SINAPI | C71: 92761 | D71: ARMAÇÃO DE PILAR OU VIGA DE ESTRUTURA CONVENCIONAL DE CONCRETO ARMADO UTILIZANDO AÇO CA-50 DE 8,0 MM - MONTAGEM. AF_06/2022 | E71: KG | F71: 1632.5 | G71: 14.29 | H71: =ROUND(G71*(1+$H$16),2) -> 17.2 | I71: =ROUND(F71*H71,2) -> 28079 | J71: =ROUND(F71/25,2) -> 65.3 | K71: =ROUND(H71*J71,2) -> 1123.16 | L71: =K71*25 -> 28079
A72: 6.7 | B72: SINAPI | C72: 92762 | D72: ARMAÇÃO DE PILAR OU VIGA DE ESTRUTURA CONVENCIONAL DE CONCRETO ARMADO UTILIZANDO AÇO CA-50 DE 10,0 MM - MONTAGEM. AF_06/2022 | E72: KG | F72: 2140 | G72: 12.76 | H72: =ROUND(G72*(1+$H$16),2) -> 15.36 | I72: =ROUND(F72*H72,2) -> 32870.4 | J72: =ROUND(F72/25,2) -> 85.6 | K72: =ROUND(H72*J72,2) -> 1314.82 | L72: =K72*25 -> 32870.5
A73: 6.8 | B73: SINAPI | C73: 101963 | D73: LAJE PRÉ-MOLDADA UNIDIRECIONAL, BIAPOIADA, PARA PISO, ENCHIMENTO EM CERÂMICA, VIGOTA CONVENCIONAL, ALTURA TOTAL DA LAJE "LT" = 12 CM (ENCHIMENTO+CAPA) = (8+4). AF_08/2025 | E73: M2 | F73: 144.25 | G73: 214.41 | H73: =ROUND(G73*(1+$H$16),2) -> 258.09 | I73: =ROUND(F73*H73,2) -> 37229.48 | J73: =ROUND(F73/25,2) -> 5.77 | K73: =ROUND(H73*J73,2) -> 1489.18 | L73: =K73*25 -> 37229.5
A74: 6.9 | B74: Composição | C74: 103669_ADP-01 | D74: CONCRETAGEM DE PILARES, FCK = 20 MPA, COM USO DE BALDES - LANÇAMENTO, ADENSAMENTO E ACABAMENTO. | E74: M3 | F74: 32 | G74: 1009.6 | H74: =ROUND(G74*(1+$H$16),2) -> 1215.26 | I74: =ROUND(F74*H74,2) -> 38888.32 | J74: =ROUND(F74/25,2) -> 1.28 | K74: =ROUND(H74*J74,2) -> 1555.53 | L74: =K74*25 -> 38888.25
A75: 6.10 | B75: Composição | C75: 103682_ADP-01 | D75: CONCRETAGEM DE VIGAS E LAJES, FCK=20 MPA, PARA QUALQUER TIPO DE LAJE COM BALDES EM EDIFICAÇÃO TÉRREA - LANÇAMENTO, ADENSAMENTO E ACABAMENTO. | E75: M3 | F75: 44.5 | G75: 1026.83 | H75: =ROUND(G75*(1+$H$16),2) -> 1236 | I75: =ROUND(F75*H75,2) -> 55002 | J75: =ROUND(F75/25,2) -> 1.78 | K75: =ROUND(H75*J75,2) -> 2200.08 | L75: =K75*25 -> 55002
A76: Total Item 6 | I76: =SUM(I66:I75) -> 330001.2 | L76: =SUM(L66:L75) -> 330001.25
A78: 7 | D78: ALVENARIA/FECHAMENTOS
A79: 7.1 | B79: SINAPI | C79: 103328 | D79: ALVENARIA DE VEDAÇÃO DE BLOCOS CERÂMICOS FURADOS NA HORIZONTAL DE 9X19X19 CM (ESPESSURA 9 CM) E ARGAMASSA DE ASSENTAMENTO COM PREPARO EM BETONEIRA. AF_12/2021 | E79: M2 | F79: 2162.5 | G79: 100.36 | H79: =ROUND(G79*(1+$H$16),2) -> 120.8 | I79: =ROUND(F79*H79,2) -> 261230 | J79: =ROUND(F79/25,2) -> 86.5 | K79: =ROUND(H79*J79,2) -> 10449.2 | L79: =K79*25 -> 261230
A80: 7.2 | B80: SINAPI | C80: 105022 | D80: VERGA PRÉ-MOLDADA COM ATÉ 1,5 M DE VÃO, ESPESSURA DE *10* CM. AF_03/2024 | E80: M | F80: 405 | G80: 23.43 | H80: =ROUND(G80*(1+$H$16),2) -> 28.2 | I80: =ROUND(F80*H80,2) -> 11421 | J80: =ROUND(F80/25,2) -> 16.2 | K80: =ROUND(H80*J80,2) -> 456.84 | L80: =K80*25 -> 11421
A81: 7.3 | B81: SINAPI | C81: 105028 | D81: CONTRAVERGA PRÉ-MOLDADA, ESPESSURA DE *10* CM. AF_03/2024 | E81: M | F81: 230 | G81: 23.05 | H81: =ROUND(G81*(1+$H$16),2) -> 27.75 | I81: =ROUND(F81*H81,2) -> 6382.5 | J81: =ROUND(F81/25,2) -> 9.2 | K81: =ROUND(H81*J81,2) -> 255.3 | L81: =K81*25 -> 6382.5
A82: Total Item 7 | I82: =SUM(I79:I81) -> 279033.5 | L82: =SUM(L79:L81) -> 279033.5
A84: 8 | D84: ESQUADRIAS METÁLICAS
A85: 8.1 | B85: SINAPI | C85: 91338 | D85: PORTA DE ALUMÍNIO DE ABRIR COM LAMBRI, COM GUARNIÇÃO, FIXAÇÃO COM PARAFUSOS - FORNECIMENTO E INSTALAÇÃO. AF_12/2019 | E85: M2 | F85: 84 | G85: 810.58 | H85: =ROUND(G85*(1+$H$16),2) -> 975.7 | I85: =ROUND(F85*H85,2) -> 81958.8 | J85: =ROUND(F85/25,2) -> 3.36 | K85: =ROUND(H85*J85,2) -> 3278.35 | L85: =K85*25 -> 81958.75
A86: 8.2 | B86: SINAPI | C86: 94570 | D86: JANELA DE ALUMÍNIO DE CORRER COM 2 FOLHAS PARA VIDROS (VIDROS INCLUSOS), BATENTE/ REQUADRO 6 A 14 CM, ACABAMENTO COM ACETATO OU BRILHANTE, FIXAÇÃO COM PARAFUSO, SEM GUARNIÇÃO/ ALIZAR, DIMENSÕES 100X120 CM, VEDAÇÃO COM SILICONE, EXCLUSIVE CONTRAMARCO - FORNECIMENTO E INSTALAÇÃO. AF_11/2024 | E86: M2 | F86: 65 | G86: 304.72 | H86: =ROUND(G86*(1+$H$16),2) -> 366.79 | I86: =ROUND(F86*H86,2) -> 23841.35 | J86: =ROUND(F86/25,2) -> 2.6 | K86: =ROUND(H86*J86,2) -> 953.65 | L86: =K86*25 -> 23841.25
A87: 8.3 | B87: SINAPI | C87: 94572 | D87: JANELA DE ALUMÍNIO DE CORRER COM 3 FOLHAS (2 VENEZIANAS E 1 FOLHA PARA VIDRO,VIDRO INCLUSO), BATENTE/ REQUADRO 6 A 14 CM, SEM ACABAMENTO, FIXAÇÃO COM PARAFUSO, SEM GUARNIÇÃO/ ALIZAR, DIMENSÕES 100X120 CM, VEDAÇÃO COM SILICONE, EXCLUSIVE CONTRAMARCO - FORNECIMENTO E INSTALAÇÃO. AF_11/2024 | E87: M2 | F87: 70 | G87: 435.71 | H87: =ROUND(G87*(1+$H$16),2) -> 524.46 | I87: =ROUND(F87*H87,2) -> 36712.2 | J87: =ROUND(F87/25,2) -> 2.8 | K87: =ROUND(H87*J87,2) -> 1468.49 | L87: =K87*25 -> 36712.25
A88: 8.4 | B88: SINAPI | C88: 94569 | D88: JANELA DE ALUMÍNIO TIPO MAXIM-AR, BATENTE/ REQUADRO 3 A 14 CM, VIDRO INCLUSO, FIXAÇÃO COM PARAFUSO, SEM GUARNIÇÃO/ ALIZAR, DIMENSÕES 60X80 (A X L) CM, SEM ACABAMENTO, VEDAÇÃO COM SILICONE, EXCLUSIVE CONTRAMARCO - FORNECIMENTO E INSTALAÇÃO. AF_11/2024 | E88: M2 | F88: 12 | G88: 580.93 | H88: =ROUND(G88*(1+$H$16),2) -> 699.27 | I88: =ROUND(F88*H88,2) -> 8391.24 | J88: =ROUND(F88/25,2) -> 0.48 | K88: =ROUND(H88*J88,2) -> 335.65 | L88: =K88*25 -> 8391.25
A89: 8.5 | B89: SINAPI | C89: 94589 | D89: CONTRAMARCO DE ALUMÍNIO, FIXAÇÃO COM ARGAMASSA - FORNECIMENTO E INSTALAÇÃO. AF_11/2024 | E89: M | F89: 540 | G89: 21.29 | H89: =ROUND(G89*(1+$H$16),2) -> 25.63 | I89: =ROUND(F89*H89,2) -> 13840.2 | J89: =ROUND(F89/25,2) -> 21.6 | K89: =ROUND(H89*J89,2) -> 553.61 | L89: =K89*25 -> 13840.25
A90: 8.6 | B90: SINAPI | C90: 105812 | D90: GUARNIÇÃO DE ALUMÍNIO. AF_11/2024 | E90: M | F90: 1080 | G90: 27.13 | H90: =ROUND(G90*(1+$H$16),2) -> 32.66 | I90: =ROUND(F90*H90,2) -> 35272.8 | J90: =ROUND(F90/25,2) -> 43.2 | K90: =ROUND(H90*J90,2) -> 1410.91 | L90: =K90*25 -> 35272.75
A91: Total Item 8 | I91: =SUM(I85:I90) -> 200016.59 | L91: =SUM(L85:L90) -> 200016.5
A93: 9 | D93: ESQUADRIAS DE MADEIRAS
A94: 9.1 | B94: SINAPI | C94: 91314 | D94: KIT DE PORTA DE MADEIRA PARA PINTURA, SEMI-OCA (LEVE OU MÉDIA), PADRÃO POPULAR, 80X210CM, ESPESSURA DE 3,5CM, ITENS INCLUSOS: DOBRADIÇAS, MONTAGEM E INSTALAÇÃO DO BATENTE, FECHADURA COM EXECUÇÃO DO FURO - FORNECIMENTO E INSTALAÇÃO. AF_12/2019 | E94: UN | F94: 75 | G94: 930.71 | H94: =ROUND(G94*(1+$H$16),2) -> 1120.3 | I94: =ROUND(F94*H94,2) -> 84022.5 | J94: =ROUND(F94/25,2) -> 3 | K94: =ROUND(H94*J94,2) -> 3360.9 | L94: =K94*25 -> 84022.5
A95: Total Item 9 | I95: =SUM(I94:I94) -> 84022.5 | L95: =SUM(L94:L94) -> 84022.5
A97: 10 | D97: TELHADOS
A98: 10.1 | B98: SINAPI | C98: 92541 | D98: TRAMA DE MADEIRA COMPOSTA POR RIPAS, CAIBROS E TERÇAS PARA TELHADOS DE ATÉ 2 ÁGUAS PARA TELHA CERÂMICA CAPA-CANAL, INCLUSO TRANSPORTE VERTICAL. AF_07/2019 | E98: M2 | F98: 1837.25 | G98: 97.58 | H98: =ROUND(G98*(1+$H$16),2) -> 117.46 | I98: =ROUND(F98*H98,2) -> 215803.39 | J98: =ROUND(F98/25,2) -> 73.49 | K98: =ROUND(H98*J98,2) -> 8632.14 | L98: =K98*25 -> 215803.5
A99: 10.2 | B99: SINAPI | C99: 94447 | D99: TELHAMENTO COM TELHA CERÂMICA CAPA-CANAL, TIPO PAULISTA, COM ATÉ 2 ÁGUAS, INCLUSO TRANSPORTE VERTICAL. AF_07/2019 | E99: M2 | F99: 1837.25 | G99: 41.05 | H99: =ROUND(G99*(1+$H$16),2) -> 49.41 | I99: =ROUND(F99*H99,2) -> 90778.52 | J99: =ROUND(F99/25,2) -> 73.49 | K99: =ROUND(H99*J99,2) -> 3631.14 | L99: =K99*25 -> 90778.5
A100: 10.3 | B100: SINAPI | C100: 102233 | D100: PINTURA IMUNIZANTE PARA MADEIRA, 1 DEMÃO. AF_01/2021 | E100: M2 | F100: 2595 | G100: 12.26 | H100: =ROUND(G100*(1+$H$16),2) -> 14.76 | I100: =ROUND(F100*H100,2) -> 38302.2 | J100: =ROUND(F100/25,2) -> 103.8 | K100: =ROUND(H100*J100,2) -> 1532.09 | L100: =K100*25 -> 38302.25
A101: 10.4 | B101: SINAPI | C101: 94232 | D101: AMARRAÇÃO DE TELHAS CERÂMICAS OU DE CONCRETO. AF_07/2019 | E101: UN | F101: 13150 | G101: 3.82 | H101: =ROUND(G101*(1+$H$16),2) -> 4.6 | I101: =ROUND(F101*H101,2) -> 60490 | J101: =ROUND(F101/25,2) -> 526 | K101: =ROUND(H101*J101,2) -> 2419.6 | L101: =K101*25 -> 60490
A102: 10.5 | B102: SINAPI | C102: 94221 | D102: CUMEEIRA PARA TELHA CERÂMICA EMBOÇADA COM ARGAMASSA TRAÇO 1:2:9 (CIMENTO, CAL E AREIA) PARA TELHADOS COM ATÉ 2 ÁGUAS, INCLUSO TRANSPORTE VERTICAL. AF_07/2019 | E102: M | F102: 266.25 | G102: 25.32 | H102: =ROUND(G102*(1+$H$16),2) -> 30.48 | I102: =ROUND(F102*H102,2) -> 8115.3 | J102: =ROUND(F102/25,2) -> 10.65 | K102: =ROUND(H102*J102,2) -> 324.61 | L102: =K102*25 -> 8115.25
A103: 10.6 | B103: SINAPI | C103: 92548 | D103: FABRICAÇÃO E INSTALAÇÃO DE TESOURA INTEIRA EM MADEIRA NÃO APARELHADA, VÃO DE 6 M, PARA TELHA CERÂMICA OU DE CONCRETO, INCLUSO IÇAMENTO. AF_07/2019 | E103: UN | F103: 100 | G103: 1771.52 | H103: =ROUND(G103*(1+$H$16),2) -> 2132.38 | I103: =ROUND(F103*H103,2) -> 213238 | J103: =ROUND(F103/25,2) -> 4 | K103: =ROUND(H103*J103,2) -> 8529.52 | L103: =K103*25 -> 213238
A104: Total Item 10 | I104: =SUM(I98:I103) -> 626727.41 | L104: =SUM(L98:L103) -> 626727.5
A106: 11 | D106: REVESTIMENTOS INTERNOS
A107: 11.1 | B107: SINAPI | C107: 87879 | D107: CHAPISCO APLICADO EM ALVENARIAS E ESTRUTURAS DE CONCRETO INTERNAS, COM COLHER DE PEDREIRO. ARGAMASSA TRAÇO 1:3 COM PREPARO EM BETONEIRA 400L. AF_10/2022 | E107: M2 | F107: 3414.5 | G107: 4.77 | H107: =ROUND(G107*(1+$H$16),2) -> 5.74 | I107: =ROUND(F107*H107,2) -> 19599.23 | J107: =ROUND(F107/25,2) -> 136.58 | K107: =ROUND(H107*J107,2) -> 783.97 | L107: =K107*25 -> 19599.25
A108: 11.2 | B108: SINAPI | C108: 87882 | D108: CHAPISCO APLICADO NO TETO OU EM ALVENARIA E ESTRUTURA, COM ROLO PARA TEXTURA ACRÍLICA. ARGAMASSA TRAÇO 1:4 E EMULSÃO POLIMÉRICA (ADESIVO) COM PREPARO EM BETONEIRA 400L. AF_10/2022 | E108: M2 | F108: 111 | G108: 5.68 | H108: =ROUND(G108*(1+$H$16),2) -> 6.84 | I108: =ROUND(F108*H108,2) -> 759.24 | J108: =ROUND(F108/25,2) -> 4.44 | K108: =ROUND(H108*J108,2) -> 30.37 | L108: =K108*25 -> 759.25
A109: 11.3 | B109: SINAPI | C109: 87545 | D109: EMBOÇO, EM ARGAMASSA TRAÇO 1:2:8, PREPARO MECÂNICO, APLICADO MANUALMENTE EM PAREDES INTERNAS, PARA AMBIENTES COM ÁREA MENOR QUE 5M², E = 10MM, COM TALISCAS. AF_03/2024 | E109: M2 | F109: 599.25 | G109: 33.02 | H109: =ROUND(G109*(1+$H$16),2) -> 39.75 | I109: =ROUND(F109*H109,2) -> 23820.19 | J109: =ROUND(F109/25,2) -> 23.97 | K109: =ROUND(H109*J109,2) -> 952.81 | L109: =K109*25 -> 23820.25
A110: 11.4 | B110: SINAPI | C110: 87547 | D110: MASSA ÚNICA, EM ARGAMASSA TRAÇO 1:2:8, PREPARO MECÂNICO, APLICADA MANUALMENTE EM PAREDES INTERNAS DE AMBIENTES COM ÁREA ENTRE 5M² E 10M², E = 10MM, COM TALISCAS. AF_03/2024 | E110: M2 | F110: 2001.25 | G110: 29.4 | H110: =ROUND(G110*(1+$H$16),2) -> 35.39 | I110: =ROUND(F110*H110,2) -> 70824.24 | J110: =ROUND(F110/25,2) -> 80.05 | K110: =ROUND(H110*J110,2) -> 2832.97 | L110: =K110*25 -> 70824.25
A111: 11.5 | B111: SINAPI | C111: 104958 | D111: MASSA ÚNICA, EM ARGAMASSA TRAÇO 1:2:8 PREPARO MECÂNICO, APLICADA MANUALMENTE EM PAREDES INTERNAS DE AMBIENTES COM ÁREA MAIOR QUE 10M², E = 10MM, COM TALISCAS. AF_03/2024 | E111: M2 | F111: 814 | G111: 25.67 | H111: =ROUND(G111*(1+$H$16),2) -> 30.9 | I111: =ROUND(F111*H111,2) -> 25152.6 | J111: =ROUND(F111/25,2) -> 32.56 | K111: =ROUND(H111*J111,2) -> 1006.1 | L111: =K111*25 -> 25152.5
A112: 11.6 | B112: SINAPI | C112: 90408 | D112: MASSA ÚNICA, EM ARGAMASSA TRAÇO 1:2:8, PREPARO MECÂNICO, APLICADA MANUALMENTE EM TETO, E = 10MM, COM TALISCAS. AF_03/2024 | E112: M2 | F112: 111 | G112: 36.42 | H112: =ROUND(G112*(1+$H$16),2) -> 43.84 | I112: =ROUND(F112*H112,2) -> 4866.24 | J112: =ROUND(F112/25,2) -> 4.44 | K112: =ROUND(H112*J112,2) -> 194.65 | L112: =K112*25 -> 4866.25
A113: Total Item 11 | I113: =SUM(I107:I112) -> 145021.74 | L113: =SUM(L107:L112) -> 145021.75
A115: 12 | D115: REVESTIMENTOS CERÂMICOS
A116: 12.1 | B116: SINAPI | C116: 87267 | D116: REVESTIMENTO CERÂMICO PARA PAREDES INTERNAS COM PLACAS TIPO ESMALTADA DE DIMENSÕES 20X20 CM APLICADAS A MEIA ALTURA DAS PAREDES. AF_02/2023_PE | E116: M2 | F116: 491.25 | G116: 62.87 | H116: =ROUND(G116*(1+$H$16),2) -> 75.68 | I116: =ROUND(F116*H116,2) -> 37177.8 | J116: =ROUND(F116/25,2) -> 19.65 | K116: =ROUND(H116*J116,2) -> 1487.11 | L116: =K116*25 -> 37177.75
...

Sheet CRONOGRAMA
D1: PREFEITURA MUNICIPAL DE IBIRAÇU SECRETARIA DE OBRAS, SERVIÇOS E INFRAESTRUTURA
D2: Obra: | F2: ='PLANILHA ORÇAMENTÁRIA'!D2 -> Construção de 25 Unidades Habitacionais de Interesse Social
D3: Proprietário: | F3: ='PLANILHA ORÇAMENTÁRIA'!D3 -> Prefeitura Municipal de Ibiraçu
D4: Local: | F4: ='PLANILHA ORÇAMENTÁRIA'!D4 -> Loteamento Vista Linda, Bairro São Benedito, Ibiraçu/ES
D5: Data: | F5: ='PLANILHA ORÇAMENTÁRIA'!D5 -> MCMV - FNHIS SUB50 - Caixa Econômica Federal
A7: Orçamentista: | F7: ='PLANILHA ORÇAMENTÁRIA'!C7 -> _______________________ ANDRESSA SILVA CORREA RODRIGUES Arquiteta e Urbanista - A533815
A12: CRONOGRAMA FÍSICO FINANCEIRO DE OBRA - CONSTRUÇÃO DE 25 UNIDADES HABITACIONAIS DE INTERESSE SOCIAL
A14: Item | B14: Serviços | G14: Financeiro | H14: 1º mês | I14: 2º mês | J14: 3º mês | K14: 4º mês | L14: 5º mês | M14: 6º mês | N14: 7º mês | O14: 8º mês | P14: 9º mês | Q14: 10º mês | R14: 11º mês | S14: 12º mês
G15: Incidência %
A17: 1 | B17: ='PLANILHA ORÇAMENTÁRIA'!D18 -> ADMINISTRAÇÃO LOCAL | G17: ='PLANILHA ORÇAMENTÁRIA'!L21 -> 150722.5 | S17: =S19*$G17 -> 150722.5
G18: =G17/$G$113 -> 0.040455932
S19: 1
A20: 2 | B20: ='PLANILHA ORÇAMENTÁRIA'!D23 -> SERVIÇOS PRELIMINARES | G20: ='PLANILHA ORÇAMENTÁRIA'!L34 -> 68943.25 | H20: =H22*$G20 -> 68943.25
G21: =G20/$G$113 -> 0.018505289
H22: 1
A23: 3 | B23: ='PLANILHA ORÇAMENTÁRIA'!D36 -> SAPATA | G23: ='PLANILHA ORÇAMENTÁRIA'!L46 -> 202824.25 | H23: =H25*$G23 -> 202824.25
G24: =G23/$G$113 -> 0.054440738
H25: 1
A26: 4 | B26: ='PLANILHA ORÇAMENTÁRIA'!D48 -> BALDRAMES | G26: ='PLANILHA ORÇAMENTÁRIA'!L57 -> 207784 | I26: =I28*$G26 -> 207784
G27: =G26/$G$113 -> 0.055772001
I28: 1
A29: 5 | B29: ='PLANILHA ORÇAMENTÁRIA'!D59 -> IMPERMEABILIZAÇÃO | G29: ='PLANILHA ORÇAMENTÁRIA'!L63 -> 99193.5 | I29: =I31*$G29 -> 99193.5
G30: =G29/$G$113 -> 0.02662486
I31: 1
A32: 6 | B32: ='PLANILHA ORÇAMENTÁRIA'!D65 -> PILARES, VIGAS E LAJES | G32: ='PLANILHA ORÇAMENTÁRIA'!L76 -> 330001.25 | J32: =J34*$G32 -> 330001.25
G33: =G32/$G$113 -> 0.088576744
J34: 1
A35: 7 | B35: ='PLANILHA ORÇAMENTÁRIA'!D78 -> ALVENARIA/FECHAMENTOS | G35: ='PLANILHA ORÇAMENTÁRIA'!L82 -> 279033.5 | K35: =K37*$G35 -> 279033.5
G36: =G35/$G$113 -> 0.074896319
K37: 1
A38: 8 | B38: ='PLANILHA ORÇAMENTÁRIA'!D84 -> ESQUADRIAS METÁLICAS | G38: ='PLANILHA ORÇAMENTÁRIA'!L91 -> 200016.5 | O38: =O40*$G38 -> 200016.5
G39: =G38/$G$113 -> 0.0536871
O40: 1
A41: 9 | B41: ='PLANILHA ORÇAMENTÁRIA'!D93 -> ESQUADRIAS DE MADEIRAS | G41: ='PLANILHA ORÇAMENTÁRIA'!L95 -> 84022.5 | O41: =O43*$G41 -> 84022.5
G42: =G41/$G$113 -> 0.022552761
O43: 1
A44: 10 | B44: ='PLANILHA ORÇAMENTÁRIA'!D97 -> TELHADOS | G44: ='PLANILHA ORÇAMENTÁRIA'!L104 -> 626727.5 | L44: =L46*$G44 -> 626727.5
G45: =G44/$G$113 -> 0.16822203
L46: 1
A47: 11 | B47: ='PLANILHA ORÇAMENTÁRIA'!D106 -> REVESTIMENTOS INTERNOS | G47: ='PLANILHA ORÇAMENTÁRIA'!L113 -> 145021.75 | N47: =N49*$G47 -> 145021.75
G48: =G47/$G$113 -> 0.038925775
N49: 1
A50: 12 | B50: ='PLANILHA ORÇAMENTÁRIA'!D115 -> REVESTIMENTOS CERÂMICOS | G50: ='PLANILHA ORÇAMENTÁRIA'!L118 -> 44581.25 | N50: =N52*$G50 -> 44581.25
G51: =G50/$G$113 -> 0.011966203
N52: 1
A53: 13 | B53: ='PLANILHA ORÇAMENTÁRIA'!D120 -> REVESTIMENTOS EXTERNOS | G53: ='PLANILHA ORÇAMENTÁRIA'!L125 -> 114079 | N53: =N55*$G53 -> 114079
G54: =G53/$G$113 -> 0.030620327
N55: 1
A56: 14 | B56: ='PLANILHA ORÇAMENTÁRIA'!D127 -> FORROS | G56: ='PLANILHA ORÇAMENTÁRIA'!L129 -> 70014 | P56: =P58*$G56 -> 70014
G57: =G56/$G$113 -> 0.018792693
P58: 1
A59: 15 | B59: ='PLANILHA ORÇAMENTÁRIA'!D131 -> PINTURAS INTERNAS | G59: ='PLANILHA ORÇAMENTÁRIA'!L136 -> 62015 | S59: =S61*$G59 -> 62015
G60: =G59/$G$113 -> 0.016645654
S61: 1
A62: 16 | B62: ='PLANILHA ORÇAMENTÁRIA'!D138 -> PINTURAS EXTERNAS | G62: ='PLANILHA ORÇAMENTÁRIA'!L141 -> 33561.5 | S62: =S64*$G62 -> 33561.5
G63: =G62/$G$113 -> 0.0090083549
S64: 1
A65: 17 | B65: ='PLANILHA ORÇAMENTÁRIA'!D143 -> PINTURA ESQUADRIAS | G65: ='PLANILHA ORÇAMENTÁRIA'!L147 -> 26580.25 | S65: =S67*$G65 -> 26580.25
G66: =G65/$G$113 -> 0.0071344941
S67: 1
A68: 18 | B68: ='PLANILHA ORÇAMENTÁRIA'!D149 -> PISO CERÂMICO | G68: ='PLANILHA ORÇAMENTÁRIA'!L159 -> 246902.25 | P68: =P70*$G68 -> 246902.25
G69: =G68/$G$113 -> 0.066271862
P70: 1
A71: 19 | B71: ='PLANILHA ORÇAMENTÁRIA'!D161 -> PISOS CIMENTADOS | G71: ='PLANILHA ORÇAMENTÁRIA'!L164 -> 28007.5 | P71: =P73*$G71 -> 28007.5
G72: =G71/$G$113 -> 0.0075175871
P73: 1
A74: 20 | B74: ='PLANILHA ORÇAMENTÁRIA'!D166 -> RODAPÉS, SOLEIRAS E PEITORIS | G74: ='PLANILHA ORÇAMENTÁRIA'!L170 -> 27584.75 | P74: =P76*$G74 -> 27584.75
G75: =G74/$G$113 -> 0.0074041154
P76: 1
A77: 21 | B77: ='PLANILHA ORÇAMENTÁRIA'!D172 -> CENTRO DE DISTRIBUIÇÃO ELÉTRICA | G77: ='PLANILHA ORÇAMENTÁRIA'!L181 -> 79292 | Q77: =Q79*$G77 -> 79292
G78: =G77/$G$113 -> 0.021283032
Q79: 1
A80: 22 | B80: ='PLANILHA ORÇAMENTÁRIA'!D183 -> ILUMINAÇÃO, TOMADAS E INTERRUPTORES | G80: ='PLANILHA ORÇAMENTÁRIA'!L197 -> 63500.5 | R80: =R82*$G80 -> 63500.5
G81: =G80/$G$113 -> 0.017044382
R82: 1
A83: 23 | B83: ='PLANILHA ORÇAMENTÁRIA'!D199 -> FIOS E CABOS | G83: ='PLANILHA ORÇAMENTÁRIA'!L209 -> 165448.75 | Q83: =Q85*$G83 -> 165448.75
G84: =G83/$G$113 -> 0.044408655
Q85: 1
A86: 24 | B86: ='PLANILHA ORÇAMENTÁRIA'!D211 -> TUBULAÇÕES E CONEXÕES HIDRÁULICAS | G86: ='PLANILHA ORÇAMENTÁRIA'!L219 -> 26358.25 | M86: =M88*$G86 -> 26358.25
G87: =G86/$G$113 -> 0.0070749064
M88: 1
A89: 25 | B89: ='PLANILHA ORÇAMENTÁRIA'!D221 -> REGISTROS | G89: ='PLANILHA ORÇAMENTÁRIA'!L226 -> 19570.5 | M89: =M91*$G89 -> 19570.5
G90: =G89/$G$113 -> 0.0052529836
M91: 1
A92: 26 | B92: ='PLANILHA ORÇAMENTÁRIA'!D228 -> ENTRADA / ALIMENTAÇÃO HIDRÁULICA | G92: ='PLANILHA ORÇAMENTÁRIA'!L236 -> 18478.25 | M92: =M94*$G92 -> 18478.25
G93: =G92/$G$113 -> 0.0049598091
M94: 1
A95: 27 | B95: ='PLANILHA ORÇAMENTÁRIA'!D238 -> CAIXA D'ÁGUA E BARRILETE | G95: ='PLANILHA ORÇAMENTÁRIA'!L253 -> 30887.5 | L95: =L97*$G95 -> 30887.5
G96: =G95/$G$113 -> 0.0082906176
L97: 1
A98: 28 | B98: ='PLANILHA ORÇAMENTÁRIA'!D255 -> TUBULAÇÕES E CONEXÕES SANITÁRIAS | G98: ='PLANILHA ORÇAMENTÁRIA'!L268 -> 75059 | M98: =M100*$G98 -> 75059
G99: =G98/$G$113 -> 0.020146838
M100: 1
A101: 29 | B101: ='PLANILHA ORÇAMENTÁRIA'!D270 -> ACESSÓRIOS / CAIXAS SANITÁRIAS | G101: ='PLANILHA ORÇAMENTÁRIA'!L276 -> 104219.5 | R101: =R103*$G101 -> 104219.5
G102: =G101/$G$113 -> 0.027973906
R103: 1
A104: 30 | B104: ='PLANILHA ORÇAMENTÁRIA'!D278 -> APARELHOS, METAIS E BANCADAS | G104: ='PLANILHA ORÇAMENTÁRIA'!L289 -> 77016.5 | S104: =S106*$G104 -> 77016.5
G105: =G104/$G$113 -> 0.020672257
S106: 1
A107: 31 | B107: ='PLANILHA ORÇAMENTÁRIA'!D291 -> CALAFETE / LIMPEZA | G107: ='PLANILHA ORÇAMENTÁRIA'!L301 -> 18150.25 | S107: =S109*$G107 -> 18150.25
...

Sheet relatorio(53)
A1: Item | B1: Fonte/Código | C1: Especificação do Serviço | D1: Und. | E1: Quant. | F1: Preço Unitário | G1: Preço Total
A2: '01 | C2: SERVIÇOS PRELIMINARES
A3: '0102 | C3: DEMOLIÇÕES E RETIRADAS
A4: 010201 | B4: LABOR - 2024 - 010201 - 2 | C4: Demolição manual de piso cimentado espessura de 1,5 cm, inclusive lastro de concreto espessura de 6,0 cm, sem reaproveitamento | D4: m2 | E4: 1 | F4: 16.92 | G4: 16.92
A5: 010202 | B5: LABOR - 2024 - 010202 - 2 | C5: Demolição manual de revestimento cerâmico/porcelanato (pisos), exclusive lastro, sem reaproveitamento | D5: m2 | E5: 1 | F5: 21.13 | G5: 21.13
A6: 010203 | B6: LABOR - 2024 - 010203 - 2 | C6: Demolição manual de revestimento cerâmico/porcelanato (pisos), inclusive lastro de concreto espessura de 6,0 cm, sem reaproveitamento | D6: m2 | E6: 1 | F6: 34.67 | G6: 34.67
A7: 010204 | B7: LABOR - 2024 - 010204 - 2 | C7: Demolição manual de piso de madeira (tacos), exclusive lastro, sem reaproveitamento | D7: m2 | E7: 1 | F7: 12.72 | G7: 12.72
A8: 010205 | B8: LABOR - 2024 - 010205 - 2 | C8: Demolição manual de piso de madeira (tábuas), exclusive lastro, sem reaproveitamento | D8: m2 | E8: 1 | F8: 19.6 | G8: 19.6
A9: 010206 | B9: LABOR - 2024 - 010206 - 2 | C9: Demolição manual de revestimento cerâmico/porcelanato (parede), exclusive emboço/reboco, sem reaproveitamento | D9: m2 | E9: 1 | F9: 23.54 | G9: 23.54
A10: 010207 | B10: LABOR - 2024 - 010207 - 2 | C10: Demolição manual de lambri de madeira em parede, sem reaproveitamento | D10: m2 | E10: 1 | F10: 19.6 | G10: 19.6
A11: '010208 | B11: LABOR - 2024 - 010208 - 2 | C11: Retirada manual de revestimento em argamassa cimento e areia (emboço e reboco), sem reaproveitamento | D11: m2 | E11: 1 | F11: 10.73 | G11: 10.73
A12: '010209 | B12: LABOR - 2024 - 010209 - 2 | C12: Demolição manual de alvenaria de bloco furado (cerâmico), sem reaproveitamento | D12: m3 | E12: 1 | F12: 59.61 | G12: 59.61
A13: '010210 | B13: LABOR - 2024 - 010210 - 2 | C13: Demolição manual de concreto simples, sem reaproveitamento | D13: m3 | E13: 1 | F13: 225.81 | G13: 225.81
A14: '010212 | B14: LABOR - 2024 - 010212 - 2 | C14: Retirada manual cuidadosa de pavimento em paralelepípedos, inclusive limpeza e empilhamento para reaproveitamento | D14: m2 | E14: 1 | F14: 21.51 | G14: 21.51
A15: '010213 | B15: LABOR - 2024 - 010213 - 2 | C15: Retirada manual cuidadosa de blocos pré-moldados de concreto (Blokret), inclusive limpeza e empilhamento para reaproveitamento | D15: m2 | E15: 1 | F15: 17.93 | G15: 17.93
... A48: '010292 | B48: LABOR - 2024 - 010292 - 2 | C48: Retirada manual de alizar de madeira, sem reaproveitamento | D48: m | E48: 1 | F48: 1.54 | G48: 1.54
A49: '0103 | C49: DEMOLIÇÕES E RETIRADAS
A50: '010315 | B50: LABOR - 2024 - 010315 - 2 | C50: Retirada manual de telhas tipo Canalete 49, sem reaproveitamento | D50: m2 | E50: 1 | F50: 5.57 | G50: 5.57
A51: '010317 | B51: LABOR - 2024 - 010317 - 2 | C51: Demolição cuidadosa de alvenaria de forma manual, para abertura de vãos, sem reaproveitamento | D51: m2 | E51: 1 | F51: 102.14 | G51: 102.14
A52: '010318 | B52: LABOR - 2024 - 010318 - 2 | C52: Remoção manual de forro modular apoiados em estruturas em perfis metálicos, sem reaproveitamento | D52: m2 | E52: 1 | F52: 8.77 | G52: 8.77
A53: '010319 | B53: LABOR - 2024 - 010319 - 2 | C53: Remoção manual de pintura antiga a base de óleo ou esmalte sobre esquadrias, com aplicação de removedor | D53: m2 | E53: 1 | F53: 20.21 | G53: 20.21
A54: '010320 | B54: LABOR - 2024 - 010320 - 2 | C54: Remoção manual de revestimento de pisos com forração têxtil, com aplicação de solvente | D54: m2 | E54: 1 | F54: 3.93 | G54: 3.93
A55: '010323 | B55: LABOR - 2024 - 010323 - 2 | C55: Retirada de torneira, sem reaproveitamento | D55: und | E55: 1 | F55: 8.08 | G55: 8.08
A56: '010324 | B56: LABOR - 2024 - 010324 - 2 | C56: Retirada manual de telha tipo Canalete 90, sem reaproveitamento | D56: m2 | E56: 1 | F56: 6.68 | G56: 6.68
A57: '010325 | B57: LABOR - 2024 - 010325 - 2 | C57: Demolição manual de estrutura de madeira para telhado, sem reaproveitamento | D57: m2 | E57: 1 | F57: 7.82 | G57: 7.82
A58: '010326 | B58: LABOR - 2024 - 010326 - 2 | C58: Remoção manual de trama de madeira para cobertura, com reaproveitamento | D58: m2 | E58: 1 | F58: 31.9 | G58: 31.9
A59: '010327 | B59: LABOR - 2024 - 010327 - 2 | C59: Retirada manual de batente (marco) de madeira, sem reaproveitamento | D59: m | E59: 1 | F59: 4.04 | G59: 4.04
A60: '010329 | B60: LABOR - 2024 - 010329 - 2 | C60: Retirada manual de disjuntor monofásico, bifásico ou trifásico, sem reaproveitamento | D60: und | E60: 1 | F60: 6.53 | G60: 6.53
A61: '010331 | B61: LABOR - 2024 - 010331 - 2 | C61: Demolição manual de piso, soleira, peitoris e escadas em mármore ou granito, exclusive regularização, sem reaproveitamento | D61: m2 | E61: 1 | F61: 11.92 | G61: 11.92
... A64: '010344 | B64: LABOR - 2024 - 010344 - 2 | C64: Demolição de lajes, em concreto armado, de forma mecanizada com martelete demolidor elétrico, sem reaproveitamento | D64: m3 | E64: 1 | F64: 89.87 | G64: 89.87
A65: '0104 | C65: LIMPEZA DO TERRENO
A66: '010401 | B66: LABOR - 2024 - 010401 - 2 | C66: Corte manual de capoeira fina com foice | D66: m2 | E66: 1 | F66: 1.52 | G66: 1.52
A67: '010402 | B67: LABOR - 2024 - 010402 - 2 | C67: Raspagem superficial e limpeza manual do terreno, realizado com o uso de ferramentas manuais | D67: m2 | E67: 1 | F67: 4.92 | G67: 4.92
A68: '010403 | B68: LABOR - 2024 - 010403 - 2 | C68: Corte e destocamento manual de árvores com diâmetro de até 15 cm | D68: und | E68: 1 | F68: 59.04 | G68: 59.04
A69: '010404 | B69: LABOR - 2024 - 010404 - 2 | C69: Corte e destocamento mecanizado de árvores com diâmetro superior a 30 cm | D69: und | E69: 1 | F69: 167.59 | G69: 167.59
A70: '0105 | C70: LOCAÇÃO
A71: '010501 | B71: LABOR - 2024 - 010501 - 1 | C71: Locação de obra com gabarito de madeira | D71: m2 | E71: 1 | F71: 11.11 | G71: 11.11
A72: '010512 | B72: LABOR - 2024 - 010512 - 1 | C72: Equipe topográfica para serviços simples de locação e nivelamento (incluindo equipamento, transporte e profissionais nivel médio) | D72: mês | E72: 1 | F72: 23061.18 | G72: 23061.18
A73: '0108 | C73: SERVIÇOS ADMINISTRATIVOS E TÉCNICOS - MENSALISTAS
A74: '010801 | B74: LABOR - 2024 - 010801 - 1 | C74: Engenheiro Junior | D74: mês | E74: 1 | F74: 22315.73 | G74: 22315.73
A75: '010802 | B75: LABOR - 2024 - 010802 - 1 | C75: Engenheiro Pleno | D75: mês | E75: 1 | F75: 25493.22 | G75: 25493.22
A76: '010803 | B76: LABOR - 2024 - 010803 - 1 | C76: Engenhero Sênior | D76: mês | E76: 1 | F76: 28670.66 | G76: 28670.66
A77: '010807 | B77: LABOR - 2024 - 010807 - 1 | C77: Almoxarife | D77: mês | E77: 1 | F77: 3850.55 | G77: 3850.55
A78: '010808 | B78: LABOR - 2024 - 010808 - 1 | C78: Auxiliar de Almoxarife | D78: mês | E78: 1 | F78: 2910.74 | G78: 2910.74
A79: '010809 | B79: LABOR - 2024 - 010809 - 1 | C79: Vigia | D79: mês | E79: 1 | F79: 2910.74 | G79: 2910.74
A80: '010810 | B80: LABOR - 2024 - 010810 - 1 | C80: Encarregado de turma | D80: mês | E80: 1 | F80: 5357.29 | G80: 5357.29
A81: '010811 | B81: LABOR - 2024 - 010811 - 1 | C81: Mestre de Obras Senior | D81: mês | E81: 1 | F81: 6964.48 | G81: 6964.48
A82: '010812 | B82: LABOR - 2024 - 010812 - 1 | C82: Coordenador Tecnico Especialista | D82: mês | E82: 1 | F82: 31203.56 | G82: 31203.56
A83: '010813 | B83: LABOR - 2024 - 010813 - 1 | C83: Técnico Nível Superior | D83: mês | E83: 1 | F83: 17825.16 | G83: 17825.16
A84: '010814 | B84: LABOR - 2024 - 010814 - 1 | C84: Técnico Segundo Grau Nivel "A" | D84: mês | E84: 1 | F84: 11319.47 | G84: 11319.47
A85: '010815 | B85: LABOR - 2024 - 010815 - 1 | C85: Técnico Segundo Grau Nivel "B" | D85: mês | E85: 1 | F85: 9055.8 | G85: 9055.8
... A88: '010818 | B88: LABOR - 2024 - 010818 - 1 | C88: Cotador (Auxiliar de Engenharia) | D88: mês | E88: 1 | F88: 7922.3 | G88: 7922.3
A89: '02 | C89: INSTALAÇÃO DO CANTEIRO DE OBRAS
A90: '0203 | C90: TAPUMES, BARRACÕES E COBERTURAS
A91: '020305 | B91: LABOR - 2024 - 020305 - 1 | C91: Placa de obra nas dimensões de 2.0 x 4.0 m, padrão DER | D91: m2 | E91: 1 | F91: 294.79 | G91: 294.79
A92: '020339 | B92: LABOR - 2024 - 020339 - 1 | C92: Locação de andaime metálico para trabalho em fachada de edifíco (aluguel de 1 m² por 1 mês) inclusive frete, montagem e desmontagem | D92: m2 | E92: 1 | F92: 21.6 | G92: 21.6
A93: '020343 | B93: LABOR - 2024 - 020343 - 1 | C93: Aluguel mensal container para escritório, sem banheiro, dim. 6.00x2.40m, incl. porta, 2 janelas, abert p/ ar cond., 2 pt iluminação, 2 tomadas elét. e 1 tomada telef. Isolamento térmico (teto e paredes), piso em comp. Naval, cert. NR18, incl. laudo descontaminação. | D93: mês | E93: 1 | F93: 1230 | G93: 1230
A94: '020344 | B94: LABOR - 2024 - 020344 - 1 | C94: Mobilização e desmobilização de conteiner locado para barracão de obra | D94: und | E94: 1 | F94: 1666.67 | G94: 1666.67
A95: '020346 | B95: LABOR - 2024 - 020346 - 1 | C95: Locação de andaime metálico para fachada - tipo torre (aluguel mensal) | D95: m | E95: 1 | F95: 15.11 | G95: 15.11
A96: '020348 | B96: LABOR - 2024 - 020348 - 1 | C96: Fornecimento e instalação de proteção para andaime fachadeiro considerando plataforma, rodapé e guarda-corpo em madeira, inclusive entelamento, conforme NR-18 (medido por m2 de fachada) | D96: m2 | E96: 1 | F96: 31.85 | G96: 31.85
A97: '020350 | B97: LABOR - 2024 - 020350 - 1 | C97: Tapume Telha Metálica Ondulada em aço galvalume 0,50mm Branca h=2,20m, incl. montagem estr. mad. 8"x8", c/adesivo "DER-ES" 60x60cm a cada 10m, incl. faixas pint. esmalte sint. cores azul c/ h=30cm e rosa c/ h=10cm (Reaproveitamento 2x) | D97: m | E97: 1 | F97: 148.86 | G97: 148.86
A98: '020351 | B98: LABOR - 2024 - 020351 - 1 | C98: Tapume madeira compensada resinada e= 12mm h=2,20m, estr. c/ mad reflorest., incl mont, pintura esmalte sint, adesivo "DER-ES" 60x60cm a cada 10m e faixas c/ pintura esmalte sintético nas cores azul c/ h=30cm e rosa c/ h=10cm | D98: m | E98: 1 | F98: 315.13 | G98: 315.13
A99: '020352 | B99: LABOR - 2024 - 020352 - 1 | C99: Aluguel mensal container para escritório, dim. 6.00x2.40m, c/ banheiro (vaso+lavat+chuveiro e básc), incl. porta, 2 janelas, abert p/ ar cond., 2 pt iluminação, 2 tom. elét. e 1 tom.telef. Isolam.térmico(teto e paredes), piso em comp. Naval, cert. NR18, incl. laudo descontaminação. | D99: ms | E99: 1 | F99: 1229.4 | G99: 1229.4
A100: '020353 | B100: LABOR - 2024 - 020353 - 1 | C100: Aluguel mensal container para refeitorio, incl. porta, 2 janelas, abert p/ ar cond., 2 pt iluminação, 2 tomadas elét. e 1 tomada telef. Isolamento térmico (paredes e teto), piso em comp. Naval pintado, cert. NR18, incl. laudo descontaminação. | D100: ms | E100: 1 | F100: 1216.17 | G100: 1216.17
A101: '020354 | B101: LABOR - 2024 - 020354 - 1 | C101: Aluguel mensal container para vestiário, incl. porta, venezianas de circulação, 1 pt iluminação, Isolamento térmico (teto), piso em comp. Naval pintado, cert. NR18, incl. laudo descontaminação. | D101: ms | E101: 1 | F101: 769.25 | G101: 769.25
A102: '020355 | B102: LABOR - 2024 - 020355 - 1 | C102: Aluguel mensal container sanitário, incl porta, básc, 2 ptos luz, 1 pto aterram., 3vasos, 3lavatórios, calha mictório, 6 chuveiros (1 eletrico), torn.,registros, piso comp. Naval pintado, cert NR18 e laudo descontaminação | D102: ms | E102: 1 | F102: 1249.4 | G102: 1249.4
A103: '020356 | B103: LABOR - 2024 - 020356 - 1 | C103: Aluguel mensal container para almoxarifado, incl. porta, 2 janelas, 1 pt iluminação, Isolamento térmico (teto), piso em comp. Naval pintado, cert. NR18, incl. laudo descontaminação. | D103: ms | E103: 1 | F103: 914.25 | G103: 914.25
A104: '0207 | C104: INSTALAÇÃO DO CANTEIRO DE OBRAS (UTILIZAÇÃO 1 VEZ), PROJETO PADRÃO LABOR - NR.18 (OBRAS COM PRAZO DE EXECUÇÃO SUPERIOR A 12 MESES)
A105: '020701 | B105: LABOR - 2024 - 020701 - 1 | C105: Barracão para escritório com sanitário área de 14.50 m2, de chapa de compens. 12mm e pontalete 8x8cm, piso cimentado e cobertura de telha de fibroc. 6mm, incl. ponto de luz e cx. de inspeção, conf. projeto (1 utilização) | D105: m2 | E105: 1 | F105: 864.83 | G105: 864.83
A106: '020702 | B106: LABOR - 2024 - 020702 - 1 | C106: Barracão para almoxarifado área de 10.90m2, de chapa de compensado de 12mm e pontalete 8x8cm, piso cimentado e cobertura de telhas de fibrocimento de 6mm, incl. ponto de luz, conf. projeto (1 utilização) | D106: m2 | E106: 1 | F106: 601.89 | G106: 601.89
A107: '020703 | B107: LABOR - 2024 - 020703 - 1 | C107: Barracão para depósito de cimento área de 10.90m2, de chapa de compensado 12mm e pontaletes 8x8cm, piso cimentado e cobertura de telhas de fibrocimento de 6mm, inclusive ponto de luz, conf. projeto (1 utilização) | D107: m2 | E107: 1 | F107: 524.66 | G107: 524.66
A108: '020704 | B108: LABOR - 2024 - 020704 - 1 | C108: Refeitório com paredes de chapa de compens. 12mm e pontaletes 8x8cm, piso ciment. e cob. de telhas fibroc. 6mm, incl. ponto de luz e cx. de inspeção (cons. 1.21 m2/func./turno), conf. projeto (1 utilização) | D108: m2 | E108: 1 | F108: 480.6 | G108: 480.6
A109: '020705 | B109: LABOR - 2024 - 020705 - 1 | C109: Unidade de sanitário e vestiário p/ até 20 func. área de 18.15m2, paredes de chapa compens. 12mm e pontalete 8x8cm, piso cimentado, cobert. telha fibroc. 6mm, incl. instalação de luz e cx. de inspeção, conf. projeto (1 utilização) | D109: und | E109: 1 | F109: 16074.84 | G109: 16074.84
A110: '020706 | B110: LABOR - 2024 - 020706 - 1 | C110: Unidade de sanitário e vestiário de 20 a 40 func. área 25.40m2, paredes de chapa compens. 12mm e pontalete 8x8cm, piso cimentado, cobert. telha fibroc. 6mm, incl. inst. de luz e cx. de inspeção, conf. projeto (1 utilização) | D110: und | E110: 1 | F110: 24202.37 | G110: 24202.37
A111: '020707 | B111: LABOR - 2024 - 020707 - 1 | C111: Unidade de sanitário e vestiário de 40 a 60 func. área 33.90m2, paredes de chapa compens. 12mm e pontalete 8x8cm, piso cimentado, cobert. telha fibroc. 6mm, incl. inst. de luz e cx. de inspeção, conf. projeto (1 utilização) | D111: und | E111: 1 | F111: 29971.99 | G111: 29971.99
A112: '020708 | B112: LABOR - 2024 - 020708 - 1 | C112: Galpão para serraria e carpintaria área 12.00m2, em peça de madeira 8x8cm e contraventamento de 5x7cm, cobertura de telha de fibroc. de 6mm, inclusive ponto e cabo de alimentação da máquina, conf. projeto (1 utilização) | D112: m2 | E112: 1 | F112: 214.16 | G112: 214.16
A113: '020709 | B113: LABOR - 2024 - 020709 - 1 | C113: Galpão para corte e armação com área de 6.00m2, em peças de madeira 8x8cm e contraventamento de 5x7cm, cobertura de telhas de fibroc. de 6mm, inclusive ponto e cabo de alimentação da máquina, conf. projeto (1 utilização) | D113: m2 | E113: 1 | F113: 289.88 | G113: 289.88
A114: '020710 | B114: LABOR - 2024 - 020710 - 1 | C114: Reservatório de poliestileno de 500L, incl. suporte em madeira de 7x12cm e 5x7cm, elevado de 4m, conf. projeto (1 utilização) | D114: und | E114: 1 | F114: 1770.47 | G114: 1770.47
A115: '020711 | B115: LABOR - 2024 - 020711 - 1 | C115: Reservatório de poliestileno de 1000 L, incl. suporte em madeira de 7x12cm e 8x7cm, elevado de 4m, conf. projeto (1 utilização) | D115: und | E115: 1 | F115: 2093.69 | G115: 2093.69
A116: '020712 | B116: LABOR - 2024 - 020712 - 1 | C116: Rede de água com padrão de entrada d'água diâm. 3/4", conf. espec. CESAN, incl. tubos e conexões para alimentação, distribuição, extravasor e limpeza, cons. o padrão a 25m, conf. projeto (1 utilização) | D116: m | E116: 1 | F116: 56.94 | G116: 56.94
... A118: '020714 | B118: LABOR - 2024 - 020714 - 1 | C118: Rede de esgoto, contendo fossa e filtro, inclusive tubos e conexões de ligação entre caixas, considerando distância de 25m, conforme projeto (1 utilização) | D118: m | E118: 1 | F118: 447.83 | G118: 447.83
A119: '0208 | C119: INSTALAÇÃO DO CANTEIRO DE OBRAS (UTILIZAÇÃO 2 VEZES), PROJETO PADRÃO LABOR - NR.18 (OBRAS COM PRAZO DE EXECUÇÃO DE 6 A 12 MESES)
A120: '020801 | B120: LABOR - 2024 - 020801 - 1 | C120: Barracão para escritório com sanitário área 14.50m2, de chapa de compens. 12mm e pontalete 8x8cm, piso cimentado e cobertura de telha de fibroc. 6mm, incl. ponto de luz e cx. de inspeção, conf. projeto (2 utilizações) | D120: m2 | E120: 1 | F120: 666.4 | G120: 666.4
A121: '020802 | B121: LABOR - 2024 - 020802 - 1 | C121: Barracão para almoxarifado área de 10.90m2, de chapa de compensado 12mm e pontaletes 8x8cm, piso cimentado e cobertura de telha de fibrocimento de 6mm, inclusive ponto de luz, conf. projeto (2 utilizações) | D121: m2 | E121: 1 | F121: 473.99 | G121: 473.99
A122: '020803 | B122: LABOR - 2024 - 020803 - 1 | C122: Barracão para depósito de cimento área de 10.90m2, de chapa de compensado 12mm e pontaletes 8x8cm, piso cimentado e cobertura de telhas de fibrocimento de 6mm, inclusive ponto de luz, conf. projeto (2 utilizações) | D122: m2 | E122: 1 | F122: 415.17 | G122: 415.17
A123: '020804 | B123: LABOR - 2024 - 020804 - 1 | C123: Refeitório com paredes de chapa de compens. 12mm e pontaletes 8x8cm, piso ciment. e cobert. de telhas fibroc. 6mm, incl. ponto de luz e cx. de inspeção (cons. 1.21m2/func./turno), conf. projeto (2 utilização) | D123: m2 | E123: 1 | F123: 404.29 | G123: 404.29
A124: '020805 | B124: LABOR - 2024 - 020805 - 1 | C124: Unidade de sanitário e vestiário para até 20 func. área 18.15m2, paredes de chapa compens. 12mm e pontalete 8x8cm, piso cimentado, cobert. telha fibroc. 6mm, incl. inst. de luz e cx. de inspeção, conf. projeto (2 utilizações) | D124: und | E124: 1 | F124: 12799.26 | G124: 12799.26
A125: '020806 | B125: LABOR - 2024 - 020806 - 1 | C125: Unidade de sanitário e vestiário de 20 a 40 func. área 25.40m2, paredes de chapa compens. 12mm e pontalete 8x8cm, piso cimentado, cobert. telha fibroc. 6mm, incl. inst. de luz e cx. de inspeção, conf. projeto (2 utilizações) | D125: und | E125: 1 | F125: 19253.8 | G125: 19253.8
A126: '020807 | B126: LABOR - 2024 - 020807 - 1 | C126: Unidade de sanitário e vestiário de 40 a 60 func. área 33.90m2, paredes de chapa compens. 12mm e pontalete 8x8cm, piso cimentado, cobert. telha fibroc. 6mm, incl. inst. de luz e cx. de inspeção, conf. projeto (2 utilizações) | D126: und | E126: 1 | F126: 23946.58 | G126: 23946.58
A127: '020808 | B127: LABOR - 2024 - 020808 - 1 | C127: Galpão para serraria e carpintaria área 12.00m2, em peças de madeira 8x8cm e contraventamento de 5x7cm, cobertura de telhas de fibroc. de 6mm, inclusive ponto e cabo de alimentação da máquina, conf. projeto (2 utilizações) | D127: m2 | E127: 1 | F127: 153.78 | G127: 153.78
A128: '020809 | B128: LABOR - 2024 - 020809 - 1 | C128: Galpão para corte e armação com área de 6.00m2, de peças de madeira 8x8cm e contraventamento de 5x7cm, cobertura de telhas de fibroc. de 6mm, inclusive ponto e cabo de alimentação da máquina, conf. projeto (2 utilizações) | D128: m2 | E128: 1 | F128: 213.27 | G128: 213.27
A129: '020810 | B129: LABOR - 2024 - 020810 - 1 | C129: Reservatório de poliestileno de 500 L, incl. suporte em madeira de 7x12cm e 5x7cm, elevado de 4m, conforme projeto (2 utilizações) | D129: und | E129: 1 | F129: 1125.35 | G129: 1125.35
A130: '020811 | B130: LABOR - 2024 - 020811 - 1 | C130: Reservatório de poliestileno de 1000 L, inclusive suporte em madeira de 7x12cm e 5x7cm, elevado de 4m, conforme projeto (2 utilizações) | D130: und | E130: 1 | F130: 1309.38 | G130: 1309.38
A131: '020812 | B131: LABOR - 2024 - 020812 - 1 | C131: Rede de água, com padrão de entrada d'água diâm. 3/4", conf. espec. CESAN, incl. tubos e conexões para alimentação, distribuição, extravasor e limpeza, cons. o padrão a 25m, conf. projeto (2 utilizações) | D131: m | E131: 1 | F131: 39.71 | G131: 39.71
A132: '03 | C132: MOVIMENTO DE TERRA
A133: '0301 | C133: ESCAVAÇÕES
A134: '030101 | B134: LABOR - 2024 - 030101 - 1 | C134: Escavação manual em material de 1a. categoria, até 1.50 m de profundidade | D134: m3 | E134: 1 | F134: 63.96 | G134: 63.96
A135: '030102 | B135: LABOR - 2024 - 030102 - 1 | C135: Escavação manual em material de 2a. categoria, até 1.50 m de profundidade | D135: m3 | E135: 1 | F135: 108.24 | G135: 108.24
A136: '030103 | B136: LABOR - 2024 - 030103 - 1 | C136: Escavação mecânica em material de 1a. categoria | D136: m3 | E136: 1 | F136: 16.16 | G136: 16.16
A137: '030104 | B137: LABOR - 2024 - 030104 - 1 | C137: Escavação mecânica em material de 2a. categoria | D137: m3 | E137: 1 | F137: 22.6 | G137: 22.6
...
